Map: 썬더버드 - 래더

Players

Cure - Winner!

  • Race: Terran Terran
  • League: Master
  • Spawn Location: 11:00

llllllllllll (Trap)

  • Race: Protoss Protoss
  • League: Master
  • Spawn Location: 5:00

Event: HomeStory Cup XX

VOD

Have the link to the VOD?

Description

Time

  • Played on: Nov. 21, 2019, 4:30 a.m.
  • Length: 13:35

All games in this series

Show
View Real Time Build Order
Export as new Build Order

Cure Terran - Winner!

Build Orders: Reaper Expand 

Get SALT Encoding   

  12  0:00  SCV  
  13  0:12  SCV  
  14  0:17  Supply Depot  
  14  0:25  SCV  
  15  0:38  SCV  
  15  0:41  Barracks  
  16  0:42  Refinery  
  16  0:50  SCV  
  17  1:03  SCV  
  18  1:15  SCV  
  19  1:28  Orbital Command, Reaper  
  20  1:44  Command Center  
  20  1:51  Supply Depot  
  20  1:54  SCV  
  21  2:00  Marine  
  22  2:06  SCV  
  23  2:08  Factory  
  23  2:18  SCV  
  23  2:20  Barracks Reactor  
  24  2:30  SCV  
  25  2:42  SCV  
  26  2:45  Command Center  
  26  2:54  Factory Tech Lab, SCV  
  26  2:57  Marine, Orbital Command  
  28  2:59  Marine  
  29  3:06  SCV  
  30  3:18  Marine x2, SCV  
  36  3:21  Siege Tank  
  36  3:23  Barracks  
  36  3:24  SCV  
  37  3:31  SCV  
  38  3:34  Supply Depot  
  38  3:35  Marine  
  38  3:36  Marine, SCV  
  41  3:43  SCV  
  41  3:46  Barracks  
  42  3:48  SCV  
  42  3:55  Marine x2, SCV  
  46  3:58  Orbital Command  
  46  4:01  Factory Tech Lab, SCV  
  47  4:07  Refinery, SCV  
  48  4:10  Refinery  
  48  4:13  SCV  
  48  4:15  Engineering Bay  
  48  4:17  Stimpack  
  48  4:19  Marauder, SCV  
  48  4:21  Marine  
  48  4:22  Marine, Orbital Command  
  53  4:26  SCV  
  54  4:31  SCV  
  54  4:35  Refinery  
  54  4:36  Supply Depot  
  56  4:38  SCV  
  56  4:41  Terran Infantry Weapons Level 1  
  56  4:43  SCV  
  57  4:46  Marine x2, Marauder x2  
  57  4:48  SCV  
  57  4:50  SCV  
  65  4:55  SCV  
  66  5:00  SCV  
  66  5:01  Starport  
  66  5:04  SCV  
  68  5:07  Factory Reactor, SCV  
  68  5:08  Marine x2, Marauder x2  
  68  5:12  SCV  
  68  5:13  Supply Depot  
  76  5:17  Supply Depot, SCV  
  76  5:19  Combat Shield, SCV  
  78  5:24  SCV  
  77  5:28  Supply Depot  
  77  5:29  SCV  
  77  5:30  Marine x2, Marauder x2  
  77  5:32  SCV  
  82  5:41  SCV x2  
  84  5:49  Medivac x2  
  88  5:50  SCV  
  88  5:53  Factory Reactor, SCV x2  
  88  5:55  Supply Depot  
  91  5:58  Marine  
  91  5:59  Marauder x2  
  91  6:00  Marine  
  91  6:02  Concussive Shells  
  97  6:06  SCV x3  
  100  6:13  Barracks  
  100  6:15  Barracks  
  100  6:20  Supply Depot, SCV x2  
  100  6:21  SCV  
  100  6:30  Marine x2, Marauder x2  
  100  6:31  Widow Mine x2  
  108  6:37  Medivac x2  
  111  6:42  SCV x3  
  111  6:45  Terran Infantry Armor Level 1  
  112  6:53  Widow Mine x2  
  116  6:55  SCV x3  
  116  6:56  Supply Depot  
  116  6:57  Supply Depot  
  116  6:59  Marauder  
  123  7:01  Marauder, Barracks Tech Lab  
  123  7:02  Barracks Reactor  
  125  7:12  Refinery  
  125  7:13  Refinery  
  125  7:17  Medivac  
  125  7:18  Medivac  
  125  7:20  Marauder x2, Marine, Missile Turret  
  125  7:21  Supply Depot x2  
  125  7:22  Marine, Marauder  
  135  7:27  Engineering Bay, Armory  
  135  7:28  SCV x3  
  138  7:39  Widow Mine  
  138  7:42  Marauder x2, Widow Mine  
  138  7:44  Marauder, Supply Depot x2, SCV x2  
  148  7:45  SCV  
  148  7:49  Marine x4  
  155  8:06  Supply Depot  
  155  8:07  Supply Depot  
  155  8:08  Marine x2, Command Center  
  155  8:09  Marauder x3, Marine  
  164  8:16  SCV x2  
  164  8:18  SCV  
  165  8:27  Medivac x2  
  165  8:28  Widow Mine x2, SCV x2  
  165  8:32  Terran Infantry Weapons Level 2  
  165  8:33  Ghost Academy  
  169  8:38  Supply Depot  
  169  8:39  Supply Depot  
  169  8:41  Marine x2, Marauder x3  
  176  8:51  Widow Mine x2  
  168  8:59  Marine x2  
  168  9:00  Marine x2  
  168  9:01  Medivac  
  168  9:02  Marauder x3  
  169  9:06  SCV x3  
  152  9:12  Widow Mine x2  
  152  9:13  Medivac  
  141  9:23  Marine x4  
  141  9:24  Marauder x2, Terran Infantry Armor Level 2  
  139  9:25  SCV x3  
  142  9:33  Enhanced Shockwaves  
  142  9:35  Fusion Core  
  142  9:36  Starport  
  142  9:41  Planetary Fortress  
  142  9:42  Marauder  
  142  9:45  Refinery, Marine x2  
  144  9:46  Marauder  
  144  9:48  Liberator x2  
  144  9:49  Marine x2  
  144  9:50  Marauder, Refinery  
  152  9:57  Widow Mine x2  
  152  10:03  Marauder  
  150  10:14  Marine x4, Marauder x2  
  150  10:18  Widow Mine x2  
  150  10:21  SCV x3  
  150  10:25  Marauder  
  153  10:30  Starport Reactor  
  153  10:31  Liberator x2  
  153  10:32  Marine x4, Barracks  
  158  10:35  Marauder  
  158  10:36  Marauder, Barracks x2  
  158  10:40  Terran Ship Weapons Level 1  
  152  10:46  Marauder  
  152  10:49  Marine x2  
  158  10:50  Marine x2, Terran Infantry Weapons Level 3  
  158  10:51  Widow Mine x2  
  167  10:57  Marauder x2  
  167  10:58  Command Center  
  165  11:07  Marine x4, Marauder  
  165  11:11  Medivac x2  
  169  11:13  Advanced Ballistics  
  175  11:18  Widow Mine x2, Marauder x2  
  175  11:22  Barracks Tech Lab x2  
  175  11:23  Barracks Reactor  
  175  11:25  Marine x4  
  175  11:29  Marauder  
  179  11:34  Command Center  
  183  11:40  Marauder x2  
  183  11:42  Ghost  
  183  11:43  Marauder, Marine x4  
  183  11:44  Widow Mine  
  176  11:50  Marauder  
  159  11:54  Widow Mine  
  159  11:55  Liberator  
  159  12:00  Ghost x2  
  159  12:01  Marine x4  
  153  12:06  Widow Mine  
  153  12:07  Liberator  
  159  12:11  Marauder, Ghost  
  159  12:13  Liberator  
  166  12:19  Marine x4  
  166  12:20  Marine x2  
  170  12:23  Ghost  
  170  12:29  Marauder  
  179  12:30  Marauder  
  179  12:32  Marauder  
  179  12:36  Planetary Fortress, Marine x2  
  186  12:40  Marauder, Marine x4  
  186  12:43  Refinery  
  192  12:47  Refinery, Orbital Command  
  192  12:51  Marauder x2  
  196  12:52  Marine, Command Center  
  196  12:53  Marine  
  196  12:54  Marine x2  
  200  13:01  Marauder  
  191  13:08  Marine x4  
  191  13:10  Marauder  
  191  13:12  Marauder x2  
Show
View Real Time Build Order
Export as new Build Order

llllllllllll Protoss 

Build Orders: 1 Gate Expand, Archon Immortal, Blink Stalkers 

Get SALT Encoding   

  12  0:00  Probe  
  13  0:13  Probe  
  14  0:18  Pylon  
  14  0:24  Probe  
  15  0:33  Probe  
  15  0:37  Gateway  
  15  0:41  Probe  
  16  0:46  Assimilator  
  17  0:51  Probe  
  18  1:03  Probe  
  19  1:15  Probe  
  20  1:24  Nexus  
  20  1:33  Cybernetics Core  
  20  1:37  Probe  
  21  1:43  Assimilator  
  21  1:49  Probe  
  21  1:52  Pylon  
  22  2:00  Adept  
  22  2:01  Probe  
  23  2:09  Warp Gate  
  23  2:13  Probe  
  26  2:22  Stalker  
  26  2:25  Probe  
  26  2:29  Twilight Council  
  27  2:35  Probe  
  29  2:38  Probe  
  29  2:43  Probe  
  31  2:47  Blink  
  31  2:50  Probe  
  33  2:53  Stalker, Probe  
  36  3:02  Probe  
  36  3:05  Probe  
  38  3:14  Probe  
  38  3:17  Probe  
  40  3:23  Robotics Facility  
  40  3:26  Probe  
  40  3:29  Probe  
  41  3:38  Gateway  
  41  3:39  Probe  
  41  3:40  Gateway  
  42  3:41  Probe  
  42  3:45  Pylon  
  43  3:51  Probe  
  43  3:53  Probe  
  45  4:00  Assimilator  
  45  4:03  Stalker  
  45  4:04  Probe  
  45  4:05  Probe  
  45  4:06  Observer  
  45  4:07  Pylon  
  49  4:15  Nexus  
  50  4:17  Probe  
  50  4:22  Observer  
  50  4:23  Probe  
  52  4:25  Pylon  
  53  4:34  Stalker  
  53  4:35  Stalker x2  
  59  4:40  Forge  
  59  4:42  Probe  
  59  4:43  Observer  
  61  4:50  Charge  
  61  4:52  Pylon  
  61  5:05  Stalker x3  
  65  5:07  Probe x2  
  65  5:12  Warp Prism  
  69  5:15  Pylon  
  69  5:17  Probe x2  
  71  5:21  Protoss Ground Armor Level 1  
  71  5:25  Probe x2  
  71  5:30  Probe  
  71  5:34  Probe  
  74  5:38  Probe  
  74  5:39  Probe  
  74  5:40  Observer  
  76  5:42  Assimilator  
  76  5:44  Assimilator  
  76  5:45  Observer  
  76  5:46  Pylon  
  76  5:47  Probe, Templar Archives  
  76  5:48  Probe  
  77  5:53  Zealot x3  
  77  5:54  Probe  
  85  5:59  Probe  
  85  6:00  Probe  
  85  6:01  Pylon  
  87  6:07  Probe  
  88  6:15  Immortal, Gateway  
  88  6:16  Probe x2, Gateway  
  90  6:19  Probe  
  90  6:21  Gateway  
  95  6:27  Observer  
  95  6:30  High Templar x2, Zealot  
  99  6:35  Gateway  
  99  6:36  Archon  
  99  6:38  Psionic Storm, Gateway  
  99  6:42  Probe x3  
  99  6:45  Photon Cannon  
  99  6:46  Pylon  
  102  6:54  Assimilator, Immortal  
  106  7:07  Pylon  
  106  7:10  High Templar x2, Zealot x3  
  106  7:13  Pylon  
  106  7:14  Protoss Ground Armor Level 2  
  116  7:19  Nexus  
  116  7:22  Observer, High Templar  
  118  7:31  Forge  
  118  7:32  Pylon  
  118  7:33  Immortal  
  121  7:39  Probe x3  
  121  7:41  Pylon  
  124  7:47  Pylon  
  124  7:48  Sentry  
  124  7:49  Sentry  
  128  7:55  Pylon  
  128  7:57  High Templar, Zealot x2, Protoss Ground Weapons Level 1  
  128  7:58  Zealot  
  136  8:01  Pylon  
  136  8:02  Immortal  
  138  8:13  Zealot  
  138  8:14  Zealot x3  
  138  8:19  Probe x3  
  137  8:33  High Templar x2  
  132  8:34  Observer  
  132  8:35  Zealot x6  
  132  8:38  Archon  
  145  8:41  Probe x3  
  142  8:55  Sentry x3  
  126  8:56  Zealot x3  
  126  9:01  Immortal  
  123  9:03  Archon  
  123  9:08  Zealot x2  
  109  9:13  Archon  
  109  9:16  Stalker x3  
  106  9:22  Stalker x3  
  103  9:25  Probe x3  
  104  9:31  Sentry, Zealot  
  104  9:36  Robotics Facility  
  108  9:38  Photon Cannon  
  108  9:39  Robotics Bay  
  108  9:41  Assimilator  
  108  9:42  Zealot x3  
  108  9:43  Observer  
  114  9:45  Assimilator, Zealot x3  
  121  9:55  Sentry x2  
  119  10:06  Zealot  
  119  10:07  Zealot x5  
  115  10:09  Immortal  
  115  10:13  Colossus  
  107  10:22  Zealot x2  
  107  10:27  Sentry x2  
  107  10:28  Zealot x4  
  109  10:35  Colossus  
  114  10:43  Zealot x2  
  116  10:50  Sentry x2, Zealot x3  
  116  10:51  Zealot  
  116  10:56  Colossus  
  118  11:06  Zealot x2  
  118  11:11  Stalker x3  
  124  11:15  Sentry, Zealot x2  
  124  11:17  Colossus  
  126  11:29  Zealot  
  126  11:30  Zealot  
  136  11:35  Stalker x3  
  136  11:38  Stalker  
  144  11:44  Colossus  
  130  11:49  Extended Thermal Lance  
  130  11:52  Zealot x4  
  114  11:56  Colossus  
  102  12:04  Zealot x3  
  102  12:05  Zealot  
  112  12:20  Shield Battery, Sentry  
  112  12:21  Sentry x2  
  118  12:27  Warp Prism, Zealot x2  
  122  12:31  High Templar, Zealot x2  
  122  12:36  Pylon  
  128  12:43  Stalker  
  132  12:47  Observer  
  132  12:50  Gateway  
  132  12:52  Gateway  
  132  12:58  Disruptor  
  124  13:06  Zealot x3  
  124  13:07  Zealot x3  
  120  13:16  Zealot x2  
  98  13:26  Stalker x2  
  88  13:27  Stalker x3  
Tags
 
Add a new tag
Caveats
  • Supply blocks, unpowered buildings, or Contaminate may cause inaccurate times.
  • Supply counts are checked every 10 seconds.